 Dungeon Sprint DCSS version 0.29-a0-409-gd843f3a48c (webtiles) character file.

Game seed: 14697602712892440254

5200000 Zeld the Intangible (level 24, -59/208 HPs)
             Began as a Djinni Monk on May 14, 2022.
             Was the Champion of Makhleb.
             Annihilated by a sculptor of flesh
             ... wielding a +9 great sword
              (256 damage)
             ... in the Dungeon (Sprint VIII: "Arena of Blood").
             The game lasted 00:01:53 (52 turns).

Zeld the Intangible (Djinni Monk)                     Turns: 52, Time: 00:01:54

Health: -59/208    AC:  3    Str: 18    XL:     24   Next: 76%
Gold:   0          EV: 29    Int: 15    God:    Makhleb [******] SH:  0 Dex: 17

rFire   + + .      SeeInvis .   h - +∞ Axe of Woe
rCold   x . .      Faith    .   (shield currently unavailable)
rNeg    . . .      Spirit   .   a - +0 robe
rPois   ∞          Reflect  .   (no helmet)
rElec   .          Harm     .   (no cloak)
rCorr   .          Rampage  .   (no gloves)
Will    ++...      NoTele   +   (boots unavailable)
Stlth   ++++++++++              (no amulet)
HPRegen 0.44/turn               (no ring)
MPRegen 0.00/turn               (no ring)

@: flying
A: sickness immunity, fire resistance 2, cold vulnerability 1, float, innate
caster, HP casting, extra vitality 1
a: Renounce Religion, Minor Destruction, Lesser Servant of Makhleb, Major
Destruction, Greater Servant of Makhleb


You were in the Dungeon.
You worshipped Makhleb.
Makhleb was exalted by your worship.
You visited 1 branch

Inventory:

Hand Weapons
 h - the +∞ Axe of Woe (weapon)
   (You found it in the Dungeon)
Armour
 a - a +0 robe (worn)
Scrolls
 g - a scroll of blinking
Potions
 b - a potion of ambrosia
 c - a potion of curing
 d - a potion of heal wounds
 e - a potion of haste
 f - a potion of berserk rage


   Skills:
 O Level 27 Fighting
 + Level 16.5(19.2) Short Blades
 + Level 16.5(19.2) Long Blades
 O Level 27 Axes
 + Level 15.2(24.3) Maces & Flails
 + Level 15.2(24.3) Polearms
 + Level 16.5(21.5) Staves
 + Level 15.2(17.8) Slings
 + Level 15.2 Bows
 + Level 15.2 Crossbows
 + Level 15.2(17.8) Throwing
 + Level 16.8 Armour
 O Level 27 Dodging
 O Level 27 Stealth
 + Level 16.8 Shields
 O Level 27 Unarmed Combat
 O Level 27 Spellcasting
 + Level 16.8 Invocations
 + Level 16.8 Evocations


You had 26 spell levels left.
You knew the following spells:

 Your Spells              Type           Power      Damage    Failure   Level
a - Foxfire               Conj/Fire      100%       2x1d9     0%          1
b - Scorch                Fire           100%       2d10      0%          2
c - Ignite Poison         Fire/Tmut/Pois 79%        N/A       0%          3
d - Vampiric Draining     Necr           79%        2d11      0%          3
e - Iskenderun's Mystic   Conj/Tloc      79%        2d16      0%          4
f - Summon Mana Viper     Hex/Summ       79%        N/A       0%          5
g - Iron Shot             Conj/Erth      39%        9d8       0%          6
h - Statue Form           Tmut/Erth      52%        N/A       0%          6
i - Malign Gateway        Summ/Tloc      39%        N/A       1%          7
j - Enfeeble              Hex            39%        N/A       1%          7
k - Storm Form            Tmut/Air       39%        N/A       1%          7
Your spell library was empty.

Dungeon Overview and Level Annotations

Branches:
Dungeon (1/1)

Altars:
Makhleb


Innate Abilities, Weirdness & Mutations

You are immune to sickness and miasma.
You are immune to poison.
Your flesh is very heat resistant. (rF++)
You are vulnerable to cold. (rC-)
You float through the air rather than walking.
You learn spells naturally, not from books.
Your magical power is your life essence.
You have superior vitality. (+4 MHP)


Message History

Your Shields skill increases to level 16!
Your Invocations skill increases to level 16!
Your Evocations skill increases to level 16!
Unknown command.
Unknown command.
You slash the bag of meat!
You cleave the bag of meat in twain.
You kill the bag of meat!
Makhleb accepts your kill.
You slice the bag of meat!!
You fatally mangle the bag of meat.
You kill the bag of meat!
Makhleb accepts your kill.
You feel better.
You hear a shout! x3
A bag of meat comes into view. It is wielding a +9 war axe.
You hear a shout!
The sculptor of flesh is engulfed in blazing flames.
You hear a shout! x2
Your base Maces & Flails skill increases to level 15!
Your base Polearms skill increases to level 15!
Your base Slings skill increases to level 15!
Your Bows skill increases to level 15!
Your Crossbows skill increases to level 15!
Your base Throwing skill increases to level 15!
Unknown command.
Unknown command.
The bag of meat attacks as you move away!
The bag of meat hits you with a +9 war axe!
You hear a shout! x3
The tyrant is engulfed in blazing flames.
The tyrant gestures wildly while chanting.
The meat berserker rages.
A tyrant comes into view.
You hear a shout!
The bag of meat is engulfed in blazing flames.
You hear a shout! x2
The tyrant is engulfed in blazing flames.
The sculptor of flesh is engulfed in blazing flames.
The sculptor of flesh hits you with a +9 great sword!!!!!
Ouch! That really hurt!
You die... .... oo.......

#... ...# . #...
...# o ..###...
...###O.
..O...###.......
....o.§§.O.....
#.☼o))# #§§§o@#
#○°XzX#
......)§)L.....
......###°oo.O.
..###...
X.X###.. . #...
L..# o #... ...#
......... .. ..


You could see 2 tentacled monstrosities, 2 tyrants, a sculptor of flesh, a large
bag of meat (inner flame), 2 large abominations, a meat berserker (berserk) and
5 bags of meat.

Vanquished Creatures
  4 vampire knights (D)
  15 ogres (D)
  4 two-headed ogres (D)
  29 orcs (D)
  4 skeletal warriors (D)
56 creatures vanquished.

Vanquished Creatures (others)
  An eldritch tentacle (D)
1 creature vanquished.

Grand Total: 57 creatures vanquished

Notes
Turn   | Place    | Note
-------+----------+-------------------------------------------
     0 | D        | Found the +∞ Axe of Woe
     0 | D        | Zeld the Djinni Monk began the quest for the Orb.
     0 | D        | Reached XP level 1. HP: 20/20 MP: 0/0
     1 | D        | Noticed a bag of meat
     1 | D        | Noticed a bag of meat
     2 | D        | Killed a bag of meat
     2 | D        | Noticed a bag of meat
     2 | D        | Noticed a bag of meat
     2 | D        | Noticed a bag of meat
     2 | D        | Noticed a bag of meat
     3 | D        | Reached skill level 5 in Stealth
     3 | D        | Reached XP level 2. HP: 42/42 MP: 0/0
     3 | D        | Reached XP level 3. HP: 48/48 MP: 0/0
     3 | D        | Learned a level 1 spell: Foxfire
     3 | D        | Reached XP level 4. HP: 54/54 MP: 0/0
     3 | D        | Reached XP level 5. HP: 59/59 MP: 0/0
     3 | D        | Learned a level 2 spell: Scorch
     3 | D        | Reached XP level 6. HP: 66/66 MP: 0/0
     3 | D        | Reached XP level 7. HP: 71/71 MP: 0/0
     3 | D        | Learned a level 3 spell: Ignite Poison
     3 | D        | Reached XP level 8. HP: 77/77 MP: 0/0
     3 | D        | Reached XP level 9. HP: 83/83 MP: 0/0
     3 | D        | Learned a level 3 spell: Vampiric Draining
     3 | D        | Reached XP level 10. HP: 89/89 MP: 0/0
     3 | D        | Reached XP level 11. HP: 94/94 MP: 0/0
     3 | D        | Learned a level 4 spell: Iskenderun's Mystic Blast
     3 | D        | Noticed a bag of meat
     3 | D        | Killed a bag of meat
     3 | D        | Noticed a meat berserker
     3 | D        | Noticed a bag of meat
     3 | D        | Noticed a bag of meat
     3 | D        | Noticed a bag of meat
     3 | D        | Noticed a bag of meat
     4 | D        | Reached XP level 12. HP: 106/106 MP: 0/0
     4 | D        | Killed a bag of meat
     4 | D        | Noticed a meat berserker
     5 | D        | Reached skill level 5 in Axes
     5 | D        | Reached XP level 13. HP: 115/115 MP: 0/0
     5 | D        | Learned a level 5 spell: Summon Mana Viper
     5 | D        | Noticed a meat berserker
     5 | D        | Killed a meat berserker
     5 | D        | Killed a bag of meat
     5 | D        | Killed a meat berserker
     5 | D        | Noticed a bag of meat
     6 | D        | Reached skill level 10 in Axes
     6 | D        | Reached XP level 14. HP: 130/130 MP: 0/0
     6 | D        | Reached XP level 15. HP: 137/137 MP: 0/0
     6 | D        | Learned a level 6 spell: Iron Shot
     8 | D        | Reached XP level 16. HP: 148/148 MP: 0/0
     8 | D        | Killed a meat berserker
     9 | D        | Reached skill level 27 in Fighting
     9 | D        | Reached skill level 27 in Dodging
     9 | D        | Reached skill level 10 in Stealth
     9 | D        | Reached XP level 17. HP: 160/160 MP: 0/0
     9 | D        | Learned a level 6 spell: Statue Form
    11 | D        | Became a worshipper of Makhleb the Destroyer
    11 | D        | Reached * piety under Makhleb
    11 | D        | Reached ** piety under Makhleb
    16 | D        | Reached skill level 27 in Unarmed Combat
    16 | D        | Noticed a meat berserker
    17 | D        | Noticed a meat berserker
    19 | D        | Noticed a large bag of meat
    20 | D        | Noticed a meat berserker
    21 | D        | Noticed a meat berserker
    22 | D        | Killed a meat berserker
    22 | D        | Reached *** piety under Makhleb
    22 | D        | Killed a meat berserker
    23 | D        | Reached skill level 10 in Spellcasting
    23 | D        | Reached XP level 18. HP: 165/167 MP: 0/0
    23 | D        | Noticed a destroyer
    24 | D        | Killed a large bag of meat
    24 | D        | Reached **** piety under Makhleb
    24 | D        | Noticed a meat berserker
    25 | D        | Killed a meat berserker
    25 | D        | Reached ***** piety under Makhleb
    26 | D        | Reached skill level 27 in Axes
    26 | D        | Reached XP level 19. HP: 174/174 MP: 0/0
    26 | D        | Learned a level 7 spell: Malign Gateway
    26 | D        | Noticed a meat berserker
    27 | D        | Killed a meat berserker
    27 | D        | Killed a destroyer
    27 | D        | Noticed a meat berserker
    27 | D        | Noticed a destroyer
    28 | D        | Reached XP level 20. HP: 181/181 MP: 0/0
    28 | D        | Noticed a large bag of meat
    29 | D        | Noticed a destroyer
    29 | D        | Noticed a meat berserker
    29 | D        | Noticed a destroyer
    31 | D        | Killed a meat berserker
    31 | D        | Killed a meat berserker
    31 | D        | Killed a meat berserker
    31 | D        | Killed a destroyer
    32 | D        | Reached skill level 27 in Spellcasting
    32 | D        | Reached XP level 21. HP: 187/187 MP: 0/0
    32 | D        | Learned a level 7 spell: Enfeeble
    32 | D        | Noticed a meat berserker
    33 | D        | Reached ****** piety under Makhleb
    34 | D        | Reached skill level 27 in Stealth
    35 | D        | Killed a meat berserker
    36 | D        | Killed a destroyer
    37 | D        | Reached XP level 22. HP: 194/194 MP: 0/0
    37 | D        | Noticed a large bag of meat
    37 | D        | Noticed a meat berserker
    38 | D        | Killed a destroyer
    38 | D        | Killed a meat berserker
    39 | D        | Reached skill level 10 in Short Blades
    39 | D        | Reached skill level 10 in Long Blades
    39 | D        | Reached skill level 10 in Staves
    39 | D        | Reached skill level 10 in Armour
    39 | D        | Reached skill level 10 in Shields
    39 | D        | Reached skill level 10 in Invocations
    39 | D        | Reached skill level 10 in Evocations
    39 | D        | Killed a large bag of meat
    40 | D        | Reached skill level 10 in Maces & Flails
    40 | D        | Reached skill level 10 in Polearms
    40 | D        | Reached skill level 10 in Slings
    40 | D        | Reached skill level 10 in Bows
    40 | D        | Reached skill level 10 in Crossbows
    40 | D        | Reached skill level 10 in Throwing
    40 | D        | Reached XP level 23. HP: 189/201 MP: 0/0
    40 | D        | Learned a level 7 spell: Storm Form
    40 | D        | Noticed a large bag of meat
    40 | D        | Noticed a large bag of meat
    41 | D        | Killed a large bag of meat
    44 | D        | Noticed a large bag of meat
    46 | D        | Noticed a tyrant
    48 | D        | Reached skill level 15 in Armour
    48 | D        | Reached skill level 15 in Shields
    48 | D        | Reached skill level 15 in Invocations
    48 | D        | Reached skill level 15 in Evocations
    48 | D        | Reached XP level 24. HP: 208/208 MP: 0/0
    49 | D        | Reached skill level 15 in Short Blades
    49 | D        | Reached skill level 15 in Long Blades
    49 | D        | Reached skill level 15 in Staves
    50 | D        | Killed a large bag of meat
    52 | D        | Reached skill level 15 in Maces & Flails
    52 | D        | Reached skill level 15 in Polearms
    52 | D        | Reached skill level 15 in Slings
    52 | D        | Reached skill level 15 in Bows
    52 | D        | Reached skill level 15 in Crossbows
    52 | D        | Reached skill level 15 in Throwing
    52 | D        | Noticed a tyrant
    52 | D        | Annihilated by a sculptor of flesh

Illustrated notes

Levels and vault maps discovered:
D:        meatsprint

Skill      XL: |  1  2  3  4  5  6  7  8  9 10 11 12 13 14 15 16 17 18 19 20 21 22 23 24 |
---------------+-------------------------------------------------------------------------+-----
Fighting       | 14 17 18 22 24 27 | 27.0
Axes           | 2 4 5 10 13 17 24 27 | 27.0
Dodging        | 16 18 19 24 26 27 | 27.0
Stealth        | 5 6 8 9 10 12 14 16 26 27 | 27.0
Unarmed Combat | 14 16 18 21 23 25 27 | 27.0
Spellcasting   | 10 19 24 27 | 27.0
Short Blades   | 8 11 14 16 | 16.5
Long Blades    | 8 11 14 16 | 16.5
Maces & Flails | 7 10 13 15 | 15.2
Polearms       | 7 10 13 15 | 15.2
Staves         | 8 11 14 16 | 16.5
Slings         | 7 10 13 15 | 15.2
Bows           | 7 10 13 15 | 15.2
Crossbows      | 7 10 13 15 | 15.2
Throwing       | 7 10 13 15 | 15.2
Armour         | 8 11 15 16 | 16.8
Shields        | 8 11 15 16 | 16.8
Invocations    | 8 11 15 16 | 16.8
Evocations     | 8 11 15 16 | 16.8

Action                   |  1- 3 |  4- 6 |  7- 9 | 10-12 | 13-15 | 16-18 | 19-21 | 22-24 || total
-------------------------+-------+-------+-------+-------+-------+-------+-------+-------++-------
Melee: Executioner's axe |     1 |       |       |     2 |     3 |     7 |     5 |     9 ||    27
 Cast: Malign Gateway    |       |       |       |       |       |       |     1 |       ||     1
       Enfeeble          |       |       |       |       |       |       |     1 |       ||     1
Dodge: Dodged            |       |       |       |       |     2 |       |       |     3 ||     5

Table legend: (Time is in decaauts)
 A = Elapsed time spent in this place.
 B = Non-inter-level travel time spent in this place.
 C = Inter-level travel time spent in this place.
 D = Time resting spent in this place.
 E = Time spent auto-exploring this place.
 F = Levels seen in this place.
 G = Mean time per level.
                   A        B        C        D        E       F      G
               +--------+--------+--------+--------+--------+-----+--------+
         Total |     50 |     50 |      0 |      0 |      0 |   1 |   50.0 |
       Dungeon |     50 |     50 |      0 |      0 |      0 |   1 |   50.0 |
               +--------+--------+--------+--------+--------+-----+--------+

Top non-repeatable levels by time:
       D: 50 daAuts
